[Event "ICC tourney 2541 (3 2)"]
[Site "Internet Chess Club"]
[Date "2021.04.30"]
[Round "4"]
[White "BROWN, MADISON:USChessNinja"]
[Black "SZERENCSY, IAN:iszerencsy"]
[Result "0-1"]
[ICCResult "White forfeits on time"]
[WhiteElo "1714"]
[BlackElo "1371"]
[Opening "Sicilian defense"]
[ECO "B33"]
[NIC "SI.34"]
[Time "20:39:54"]
[PlyCount "82"]
[TimeControl "180+2"]

1. e4 c5 2. Nf3 Nc6 3. d4 cxd4 4. Nxd4 Nf6 5. Nc3 e6 6. Be3 Bb4 7. f3 d5 8.
a3 Bxc3+ 9. bxc3 dxe4 10. Nxc6 bxc6 11. Qxd8+ Kxd8 12. O-O-O+ Ke8 13. fxe4
Nxe4 14. Rd4 Nxc3 15. Bg5 Bd7 16. Kb2 Nd5 17. c4 Nf6 18. Be2 Rb8+ 19. Ka2
h6 20. Bf4 Rd8 21. Be5 c5 22. Rd3 Rg8 23. Rhd1 Ne4 24. Rf3 f6 25. Bc7 Rc8
26. Ba5 Bc6 27. Re3 Kf7 28. Bg4 f5 29. Bh5+ g6 30. Be2 Rge8 31. Rf1 Re7 32.
Bd3 Kg7 33. g4 Rd7 34. Bxe4 Bxe4 35. gxf5 exf5 36. Bc3+ Kh7 37. h4 Bd3 38.
Rd1 Bxc4+ 39. Kb2 Rxd1 40. Re7+ Kg8 41. Rxa7 Bd3 { White forfeits on time }
0-1

[Event "ICC tourney 2541 (3 2)"]
[Site "Internet Chess Club"]
[Date "2021.04.30"]
[Round "4"]
[White "WILLY, STEPHEN:stephenwilly"]
[Black "GUSEINOV, GADIR:GGuseinov"]
[Result "0-1"]
[ICCResult "White checkmated"]
[WhiteElo "1460"]
[BlackElo "2715"]
[Opening "Sicilian: Alapin's variation (2.c3)"]
[ECO "B22"]
[NIC "SI.46"]
[Time "20:40:01"]
[PlyCount "94"]
[TimeControl "180+2"]

1. e4 c5 2. c3 g6 3. d4 cxd4 4. cxd4 d5 5. exd5 Nf6 6. Nc3 Bg7 7. Nf3 O-O
8. Be2 Nxd5 9. O-O Nc6 10. Be3 Nxe3 11. fxe3 e5 12. d5 Ne7 13. e4 Qb6+ 14.
Kh1 Qxb2 15. Nb5 Bg4 16. Rb1 Qxa2 17. Nc7 Rac8 18. Rxb7 Rb8 19. Rxb8 Rxb8
20. d6 Nc6 21. h3 Bxf3 22. Bxf3 Nd4 23. Qd3 Rd8 24. Nd5 Rxd6 25. Rb1 Rd8
26. Rb7 Bh6 27. Nf6+ Kg7 28. Ng4 Bf4 29. Bd1 h5 30. Nh2 Ne6 31. Qc2 Qxc2
32. Bxc2 Rc8 33. Rb2 Nd4 34. Bd3 Rc1+ 35. Nf1 h4 36. Kg1 Ra1 37. Kf2 a5 38.
Rb7 Ne6 39. Bc4 Ng5 40. Ra7 Nxe4+ 41. Kf3 Ng5+ 42. Kg4 Ra4 43. Rc7 Rb4 44.
Kxh4 a4 45. g3 Bc1 46. g4 Bf4 47. Ng3 Nf3# { White checkmated } 0-1

[Event "ICC tourney 2541 (3 2)"]
[Site "Internet Chess Club"]
[Date "2021.04.30"]
[Round "4"]
[White "NI, BRANDON:chessbn"]
[Black "CALVELO, JELVIS ARANDELA:JelvisCalvelo04"]
[Result "0-1"]
[ICCResult "White forfeits on time"]
[WhiteElo "1930"]
[BlackElo "2081"]
[Opening "Queen's pawn: London system"]
[ECO "A45"]
[NIC "QP.07"]
[Time "20:39:54"]
[PlyCount "82"]
[TimeControl "180+2"]

1. d4 Nf6 2. Bf4 g6 3. e3 Bg7 4. Nf3 d6 5. h3 O-O 6. Bc4 b6 7. O-O Bb7 8.
c3 a5 9. a4 Ba6 10. Bxa6 Nxa6 11. Nbd2 Qd7 12. Qe2 Nb8 13. e4 Nc6 14. e5
Nd5 15. Bg3 dxe5 16. Nxe5 Nxe5 17. Bxe5 Bh6 18. Nf3 Rfe8 19. Rfe1 f6 20.
Bg3 e6 21. Qc4 c6 22. Re4 b5 23. axb5 cxb5 24. Qe2 a4 25. Re1 Ra6 26. Qd3
Kf7 27. c4 bxc4 28. Qxc4 Rb6 29. R4e2 Rb4 30. Qa2 Qb5 31. h4 a3 32. Qxa3
Rb3 33. Qd6 Qb6 34. Qc5 Qxc5 35. dxc5 Rb5 36. Bd6 e5 37. g3 Nb4 38. Rd1 Rd8
39. Nh2 Rxc5 40. Bxc5 Rxd1+ 41. Kg2 Nd3 { White forfeits on time } 0-1

[Event "ICC tourney 2541 (3 2)"]
[Site "Internet Chess Club"]
[Date "2021.04.30"]
[Round "4"]
[White "BELOUS, VLADIMIR:Openyagami"]
[Black "VAKHIDOV, JAKHONGIR:TjkTiger"]
[Result "0-1"]
[ICCResult "White resigns"]
[WhiteElo "2602"]
[BlackElo "2603"]
[Opening "Grünfeld with Bf4 & e3"]
[ECO "D93"]
[NIC "GI.07"]
[Time "20:39:53"]
[PlyCount "110"]
[TimeControl "180+2"]

1. d4 Nf6 2. c4 g6 3. Nc3 d5 4. Nf3 Bg7 5. Bf4 O-O 6. e3 c5 7. dxc5 Qa5 8.
Rc1 Nbd7 9. cxd5 Ne4 10. Nd4 Nxc3 11. bxc3 Nxc5 12. Bc4 Na4 13. Bb3 Bd7 14.
Qd2 Nb6 15. Bc7 Rfc8 16. Bxb6 Qxb6 17. O-O a5 18. Rb1 Qc5 19. c4 a4 20. Bd1
Qxc4 21. Be2 Qxd5 22. Bf3 Qa5 23. Qxa5 Rxa5 24. Rxb7 Bxd4 25. Rxd7 Bf6 26.
Rfd1 Rc2 27. R7d2 Rac5 28. g3 a3 29. Kg2 Rb2 30. Bd5 Kg7 31. Bb3 h5 32. h4
Rc3 33. Kf3 Rcxb3 34. axb3 a2 35. Rxb2 Bxb2 36. b4 a1=Q 37. Rxa1 Bxa1 38.
b5 Kf6 39. b6 Ke6 40. b7 Be5 41. g4 Kd7 42. gxh5 gxh5 43. Ke4 Bh2 44. Kf5
Kc7 45. f3 Bg1 46. e4 Be3 47. f4 Kxb7 48. e5 Kc7 49. e6 f6 50. Kg6 Bxf4 51.
Kxh5 Kd6 52. Kg4 Bd2 53. Kf5 Bc1 54. h5 Bd2 55. Kg6 Kxe6 { White resigns }
0-1

[Event "ICC tourney 2541 (3 2)"]
[Site "Internet Chess Club"]
[Date "2021.04.30"]
[Round "4"]
[White "Lamas, David:ChessMonkey123"]
[Black "palani, mohnishkirupaa:chesswarriors12"]
[Result "1/2-1/2"]
[ICCResult "Game drawn by mutual agreement"]
[WhiteElo "1431"]
[BlackElo "1347"]
[Opening "Petrov: French attack"]
[ECO "C42"]
[NIC "RG.03"]
[Time "20:40:03"]
[PlyCount "104"]
[TimeControl "180+2"]

1. e4 e5 2. Nf3 Nf6 3. Nxe5 d6 4. Nf3 Nxe4 5. d3 Nf6 6. Nc3 Nc6 7. Bg5 Be7
8. h3 Be6 9. Be2 Qd7 10. Qd2 O-O-O 11. O-O-O h6 12. Bxf6 Bxf6 13. Kb1 Rhe8
14. d4 d5 15. Rhe1 Bf5 16. Bb5 a6 17. Bxc6 Qxc6 18. Rxe8 Rxe8 19. Re1 Be6
20. a3 Kd8 21. Qf4 Kd7 22. Ne5+ Bxe5 23. Qxe5 f6 24. Qg3 Re7 25. Qe3 Qd6
26. Qf3 c6 27. g3 Bxh3 28. Rxe7+ Qxe7 29. Na4 Kc7 30. Qf4+ Qd6 31. Qh4 Bd7
32. Nc5 Qe7 33. Qf4+ Qd6 34. Qxd6+ Kxd6 35. Nxb7+ Kc7 36. Nc5 Bc8 37. Kc1
Kd6 38. Kd2 Ke7 39. Ke3 Kf7 40. Kf4 g5+ 41. Ke3 Kg6 42. f4 gxf4+ 43. Kxf4
h5 44. Nd3 Kf7 45. Nf2 Kg6 46. b3 Bf5 47. c4 Bc2 48. cxd5 cxd5 49. b4 Ba4
50. Nd3 Bb5 51. Nc5 Bf1 52. a4 Bc4 { Game drawn by mutual agreement }
1/2-1/2

[Event "ICC tourney 2541 (3 2)"]
[Site "Internet Chess Club"]
[Date "2021.04.30"]
[Round "4"]
[White "POPILSKI, GIL:kurumania"]
[Black "SLADE, THEODORE LUKE:MrNormalName"]
[Result "1/2-1/2"]
[ICCResult "Game drawn by mutual agreement"]
[WhiteElo "2514"]
[BlackElo "2170"]
[Opening "QGD: Petrosian variation"]
[ECO "D37"]
[NIC "QO.14"]
[Time "20:40:12"]
[PlyCount "139"]
[TimeControl "180+2"]

1. d4 Nf6 2. Nf3 d5 3. c4 e6 4. Nc3 Be7 5. Bg5 h6 6. Bxf6 Bxf6 7. e3 O-O 8.
Rc1 c6 9. Bd3 Nd7 10. O-O dxc4 11. Bxc4 e5 12. Bb3 exd4 13. exd4 Nb6 14.
Ne5 Bf5 15. Qf3 Bh7 16. Rcd1 Qc7 17. Qg3 Bxe5 18. dxe5 Qe7 19. Rd6 Rad8 20.
Rxh6 Rd3 21. Qg4 Qxe5 22. Bc2 f5 23. Qg5 Rd6 24. Bb3+ Kh8 25. Rh3 Qf6 26.
Qf4 g5 27. Qe3 Kg7 28. f4 g4 29. Rg3 Qd4 30. h3 Qxe3+ 31. Rxe3 Rd7 32. hxg4
fxg4 33. Rg3 Bf5 34. Nd1 Rd2 35. Ne3 Rxb2 36. Nxg4 Bxg4 37. Rxg4+ Kf6 38.
Re1 Nd5 39. Rh4 Rd8 40. Kh2 a5 41. Re5 a4 42. Bxa4 Rxa2 43. Bb3 Nxf4 44.
Re4 Rxg2+ 45. Kh1 Ng6 46. Re6+ Kg7 47. Kxg2 Nxh4+ 48. Kg3 Nf5+ 49. Kf4 Nd4
50. Re7+ Kf6 51. Rxb7 Nxb3 52. Rxb3 Ke6 53. Ke4 Rh8 54. Kd4 Kd6 55. Rd3
Rh4+ 56. Kc3+ Kc5 57. Rg3 Ra4 58. Kb3 Rb4+ 59. Kc3 Ra4 60. Kb3 Ra8 61. Rg5+
Kb6 62. Kb4 Rh8 63. Rg4 Rh1 64. Kc4 Ra1 65. Kb3 Kb5 66. Rg5+ c5 67. Rg8 c4+
68. Kb2 Rh1 69. Rb8+ Kc5 70. Rc8+ { Game drawn by mutual agreement }
1/2-1/2

[Event "ICC tourney 2541 (3 2)"]
[Site "Internet Chess Club"]
[Date "2021.04.30"]
[Round "4"]
[White "ALEKSANDROV, ALEKSEJ:Aleksandrov73"]
[Black "LEVIN, EVGENY A:Assured"]
[Result "1-0"]
[ICCResult "Black forfeits on time"]
[WhiteElo "2623"]
[BlackElo "2586"]
[Opening "Nimzo-Indian: 4.e3, main line with ...b6"]
[ECO "E52"]
[NIC "NI.06"]
[Time "20:40:04"]
[PlyCount "215"]
[TimeControl "180+2"]

1. d4 Nf6 2. c4 e6 3. Nc3 Bb4 4. e3 O-O 5. Bd3 d5 6. Nf3 b6 7. O-O Bb7 8.
Bd2 Be7 9. Qe2 Nbd7 10. Rfd1 a6 11. e4 dxe4 12. Nxe4 Nxe4 13. Bxe4 Bxe4 14.
Qxe4 Bd6 15. b4 Re8 16. c5 Be7 17. a3 Nf6 18. Qc6 Nd5 19. g3 Bf6 20. Rac1
Ra7 21. a4 Qa8 22. Qxa8 Raxa8 23. c6 h5 24. h4 Red8 25. Rb1 Rd6 26. b5 axb5
27. axb5 Rdd8 28. Ra1 Kf8 29. Kf1 Ke8 30. Ke2 Ke7 31. Kd3 Ke8 32. Kc4 Ke7
33. Bg5 Rxa1 34. Rxa1 Rh8 35. Ra7 Kd6 36. Nd2 Bxg5 37. Ne4+ Ke7 38. Nxg5 f6
39. Ne4 g5 40. hxg5 fxg5 41. Nxg5 h4 42. gxh4 Rxh4 43. Nf3 Rf4 44. Ra3 Kd6
45. Rd3 Rf5 46. Ra3 Rf4 47. Ng5 Ke7 48. f3 Rh4 49. Ne4 Rh1 50. Nc3 Rc1 51.
Kd3 Nxc3 52. Rxc3 Rf1 53. Kc4 Kd6 54. Rd3 Rc1+ 55. Kb4 Rb1+ 56. Kc4 Rc1+
57. Rc3 Rb1 58. f4 Rf1 59. Rh3 Rc1+ 60. Rc3 Rf1 61. Rh3 Rc1+ 62. Kd3 Rb1
63. Rh5 Rb3+ 64. Kc4 Rb1 65. Rh7 Rc1+ 66. Kd3 Rd1+ 67. Ke3 Kd5 68. Rxc7 Kc4
69. Rd7 Kxb5 70. c7 Rc1 71. Ke4 Rc6 72. d5 exd5+ 73. Kxd5 Rc1 74. f5 Ka6
75. f6 Kb7 76. f7 Rf1 77. Rd8 Kxc7 78. f8=Q Rd1+ 79. Ke6 Rxd8 80. Qe7+ Kc8
81. Qa7 Rd1 82. Qxb6 Re1+ 83. Kd5 Rd1+ 84. Ke4 Rd7 85. Ke5 Re7+ 86. Kd6
Rd7+ 87. Ke6 Re7+ 88. Kf6 Rd7 89. Qc6+ Kd8 90. Qc5 Rc7 91. Qb6 Kd7 92. Ke5
Rc6 93. Qb7+ Rc7 94. Qb5+ Ke7 95. Qb4+ Kd7 96. Qd6+ Kc8 97. Ke6 Kb7 98.
Qd5+ Kb6 99. Kd6 Rc8 100. Qb3+ Ka7 101. Kd7 Rc5 102. Kd6 Rc8 103. Qa4+ Kb6
104. Qb4+ Ka6 105. Kd7 Ra8 106. Qa4+ Kb7 107. Qb5+ Ka7 108. Kc7 { Black
forfeits on time } 1-0

[Event "ICC tourney 2541 (3 2)"]
[Site "Internet Chess Club"]
[Date "2021.04.30"]
[Round "5"]
[White "YU, AVERY:Averyyu321"]
[Black "Lamas, David:ChessMonkey123"]
[Result "1-0"]
[ICCResult "Black checkmated"]
[WhiteElo "1671"]
[BlackElo "1431"]
[Opening "Giuoco Pianissimo"]
[ECO "C50"]
[NIC "IG.02"]
[Time "20:54:36"]
[PlyCount "49"]
[TimeControl "180+2"]

1. e4 e5 2. Nf3 Nc6 3. Bc4 Bc5 4. d3 Nf6 5. c3 h6 6. Nbd2 d6 7. O-O O-O 8.
Bb3 Bb6 9. Re1 Ng4 10. Re2 Nf6 11. Nf1 Be6 12. Bc2 a6 13. Ng3 Bg4 14. Re1
Bxf3 15. Qxf3 Qd7 16. Bxh6 Ng4 17. Be3 Nxe3 18. fxe3 Ne7 19. d4 exd4 20.
exd4 d5 21. e5 c5 22. Rad1 cxd4 23. cxd4 Rac8 24. Qd3 Nc6 25. Qh7# { Black
checkmated } 1-0

[Event "ICC tourney 2541 (3 2)"]
[Site "Internet Chess Club"]
[Date "2021.04.30"]
[Round "5"]
[White "SCHENK, SAM:SupaHotFiya"]
[Black "KINGSLEY, PETER F:Saixua"]
[Result "0-1"]
[ICCResult "White resigns"]
[WhiteElo "1950"]
[BlackElo "1447"]
[Opening "Queen's pawn game"]
[ECO "A45"]
[NIC "QP.07"]
[Time "20:54:25"]
[PlyCount "68"]
[TimeControl "180+2"]

1. d4 Nf6 2. e3 d5 3. f4 Bf5 4. c3 e6 5. Bd3 Bg6 6. Nf3 c5 7. O-O Nc6 8.
Ne5 Nxe5 9. fxe5 Nd7 10. Bxg6 hxg6 11. Qf3 Qe7 12. Nd2 f5 13. exf6 gxf6 14.
e4 cxd4 15. exd5 Ne5 16. Qe4 dxc3 17. bxc3 exd5 18. Qxd5 Qc5+ 19. Qxc5
Bxc5+ 20. Kh1 Kf7 21. Ne4 Be7 22. Bg5 Ng4 23. h3 f5 24. Bxe7 Kxe7 25. Nc5
b6 26. Nd3 Kf6 27. Nf4 Ne3 28. Rf3 Nc4 29. Re1 Rae8 30. Rd1 Ne5 31. Rff1 g5
32. Rd6+ Ke7 33. Re6+ Kf7 34. Re1 Rxe6 { White resigns } 0-1

[Event "ICC tourney 2541 (3 2)"]
[Site "Internet Chess Club"]
[Date "2021.04.30"]
[Round "5"]
[White "LEVIN, EVGENY A:Assured"]
[Black "POPILSKI, GIL:kurumania"]
[Result "1/2-1/2"]
[ICCResult "Game drawn by repetition"]
[WhiteElo "2586"]
[BlackElo "2514"]
[Opening "Queen's pawn game, Krause variation"]
[ECO "D02"]
[NIC "QP.08"]
[Time "20:55:19"]
[PlyCount "34"]
[TimeControl "180+2"]

1. d4 d5 2. Nf3 c5 3. c3 Nc6 4. g3 Bf5 5. Bg2 e6 6. O-O Nf6 7. Bf4 Be7 8.
Qb3 Qc8 9. Na3 O-O 10. Nb5 Rd8 11. Nc7 Rb8 12. Nb5 Ra8 13. Nc7 Rb8 14. Nb5
Ra8 15. Nc7 Rb8 16. Nb5 Ra8 17. Nc7 Rb8 { Game drawn by repetition }
1/2-1/2

[Event "ICC tourney 2541 (3 2)"]
[Site "Internet Chess Club"]
[Date "2021.04.30"]
[Round "5"]
[White "palani, mohnishkirupaa:chesswarriors12"]
[Black "BROWN, MADISON:USChessNinja"]
[Result "1-0"]
[ICCResult "Black forfeits on time"]
[WhiteElo "1347"]
[BlackElo "1714"]
[Opening "King's Indian: London system"]
[ECO "A45"]
[NIC "QP.03"]
[Time "20:54:28"]
[PlyCount "61"]
[TimeControl "180+2"]

1. d4 Nf6 2. Bf4 g6 3. Nf3 Bg7 4. e3 O-O 5. c3 b6 6. Bd3 d5 7. Nbd2 c5 8.
O-O c4 9. Bc2 Nc6 10. Re1 e6 11. e4 dxe4 12. Nxe4 Nxe4 13. Bxe4 f5 14. Bxc6
Bd7 15. Bxa8 Qxa8 16. Be5 Bf6 17. Bxf6 Rxf6 18. Ne5 Bc6 19. Nxc6 Qxc6 20.
Qf3 Qd6 21. Re2 g5 22. Rae1 g4 23. Qg3 Qc6 24. Qb8+ Rf8 25. Qxa7 f4 26.
Rxe6 Qd5 27. Re7 Qg5 28. Re8 Qh6 29. Rxf8+ Qxf8 30. Qd7 Qf7 31. Re8+ {
Black forfeits on time } 1-0

[Event "ICC tourney 2541 (3 2)"]
[Site "Internet Chess Club"]
[Date "2021.04.30"]
[Round "5"]
[White "VAKHIDOV, JAKHONGIR:TjkTiger"]
[Black "ALEKSANDROV, ALEKSEJ:Aleksandrov73"]
[Result "1/2-1/2"]
[ICCResult "Game drawn by mutual agreement"]
[WhiteElo "2603"]
[BlackElo "2623"]
[Opening "English: Mikenas-Carls variation"]
[ECO "A18"]
[NIC "EO.57"]
[Time "20:54:34"]
[PlyCount "92"]
[TimeControl "180+2"]

1. c4 e6 2. Nc3 Nf6 3. e4 d5 4. cxd5 exd5 5. e5 d4 6. exf6 dxc3 7. Bb5+ c6
8. Qe2+ Be6 9. Bc4 Qxf6 10. dxc3 Nd7 11. Nf3 Be7 12. Bxe6 Qxe6 13. Qxe6
fxe6 14. O-O Kf7 15. Re1 Rhe8 16. Bf4 Bf6 17. Rad1 Nb6 18. g4 h6 19. h4
Rad8 20. g5 hxg5 21. hxg5 Rxd1 22. Rxd1 Rd8 23. Re1 Be7 24. Ne5+ Kg8 25.
Ng6 Kf7 26. Ne5+ Kg8 27. Kg2 Bd6 28. Ng6 Kf7 29. Bxd6 Kxg6 30. Rxe6+ Kxg5
31. Bc5 Rd7 32. Re8 Na4 33. Be3+ Kg6 34. Bc1 Rd1 35. Be3 Nxb2 36. Re7 b6
37. Rxa7 c5 38. Ra6 Kf5 39. Rxb6 Nc4 40. Rb5 Nxe3+ 41. fxe3 Ke4 42. Rxc5
Rd2+ 43. Kg3 Rxa2 44. Rc7 Kxe3 45. Rxg7 Rc2 46. Rc7 Kd3 { Game drawn by
mutual agreement } 1/2-1/2

[Event "ICC tourney 2541 (3 2)"]
[Site "Internet Chess Club"]
[Date "2021.04.30"]
[Round "5"]
[White "Lopez, Santiago Ernesto:Oyant"]
[Black "Aimdilokwong, Alec Daniel:Alec-hine"]
[Result "0-1"]
[ICCResult "White forfeits on time"]
[WhiteElo "1357"]
[BlackElo "1666"]
[Opening "French: Winawer (Nimzovich) variation"]
[ECO "C15"]
[NIC "FR.08"]
[Time "20:54:25"]
[PlyCount "46"]
[TimeControl "180+2"]

1. e4 e6 2. d4 d5 3. Nc3 Bb4 4. Bd3 dxe4 5. Bxe4 Nf6 6. Bg5 h6 7. Bxf6 Qxf6
8. Nf3 O-O 9. O-O Bxc3 10. bxc3 Nd7 11. Re1 c5 12. Rb1 Rb8 13. Ne5 Rd8 14.
Re3 Nxe5 15. dxe5 Rxd1+ 16. Rxd1 Qe7 17. Red3 g6 18. Rd8+ Kg7 19. h4 h5 20.
g3 b6 21. c4 Qc7 22. R1d6 Ba6 23. R8d7 Qc8 { White forfeits on time } 0-1

[Event "ICC tourney 2541 (3 2)"]
[Site "Internet Chess Club"]
[Date "2021.04.30"]
[Round "5"]
[White "MYSORE, ABHINAV NAVEEN:Mapking1"]
[Black "BELOUS, VLADIMIR:Openyagami"]
[Result "0-1"]
[ICCResult "White resigns"]
[WhiteElo "1999"]
[BlackElo "2602"]
[Opening "Sicilian: Labourdonnais-Löwenthal (Kalashnikov) variation"]
[ECO "B32"]
[NIC "SI.32"]
[Time "20:54:30"]
[PlyCount "67"]
[TimeControl "180+2"]

1. e4 c5 2. Nf3 Nc6 3. d4 cxd4 4. Nxd4 e5 5. Nb5 d6 6. N1c3 a6 7. Na3 b5 8.
Nd5 Nge7 9. c4 Nxd5 10. exd5 Nd4 11. cxb5 g6 12. Be3 Nf5 13. Qd2 Bg7 14.
Bc4 O-O 15. O-O Nxe3 16. Qxe3 e4 17. Rab1 f5 18. f4 exf3 19. Rxf3 Re8 20.
Qd3 axb5 21. Bxb5 Re4 22. Bc6 Ba6 23. Qd2 Qb6+ 24. Kh1 Re2 25. Qf4 Be5 26.
Qa4 Rb8 27. Nc4 Bxc4 28. Qxc4 Rxb2 29. Rbf1 Qa5 30. a4 Qd2 31. R3f2 Qh6 32.
h3 Rxf2 33. Rxf2 Qh4 34. g4 { White resigns } 0-1

[Event "ICC tourney 2541 (3 2)"]
[Site "Internet Chess Club"]
[Date "2021.04.30"]
[Round "5"]
[White "GUSEINOV, GADIR:GGuseinov"]
[Black "YE, LUKE SICONG:lukeye"]
[Result "1-0"]
[ICCResult "Black resigns"]
[WhiteElo "2715"]
[BlackElo "2075"]
[Opening "Sicilian: closed"]
[ECO "B23"]
[NIC "SI.44"]
[Time "20:54:26"]
[PlyCount "85"]
[TimeControl "180+2"]

1. e4 c5 2. Nc3 d6 3. Bb5+ Bd7 4. Bxd7+ Qxd7 5. d4 cxd4 6. Qxd4 Nc6 7. Qd3
Ne5 8. Qe2 Nf6 9. f4 Nc6 10. Nf3 e5 11. Be3 a6 12. O-O-O Qc7 13. Nd5 Nxd5
14. exd5 Nd8 15. fxe5 dxe5 16. Bf4 f6 17. Nxe5 fxe5 18. Bxe5 Qe7 19. d6 Qe6
20. d7+ Kf7 21. Rhf1+ Kg8 22. Qf3 Be7 23. Rde1 Qxd7 24. Kb1 g6 25. Qb3+ Ne6
26. Bxh8 Kxh8 27. Rxe6 Rf8 28. Rfe1 b5 29. a3 Bh4 30. g3 Bf6 31. Qb4 Bg7
32. Re7 Qc6 33. Qe4 Qf6 34. c3 h6 35. Re8 Kh7 36. Rxf8 Qxf8 37. h4 Qf2 38.
h5 Qf6 39. hxg6+ Qxg6 40. Qxg6+ Kxg6 41. Re6+ Kg5 42. Rxa6 Kg4 43. Rg6+ {
Black resigns } 1-0

[Event "ICC tourney 2541 (3 2)"]
[Site "Internet Chess Club"]
[Date "2021.04.30"]
[Round "5"]
[White "BERKLEY, DARRIN K:drberkley"]
[Black "Zimmerman, Kevin:blackjack721"]
[Result "1-0"]
[ICCResult "Black checkmated"]
[WhiteElo "1846"]
[BlackElo "1359"]
[Opening "Vienna gambit"]
[ECO "C29"]
[NIC "VG.04"]
[Time "20:55:19"]
[PlyCount "47"]
[TimeControl "180+2"]

1. e4 e5 2. Nc3 Nf6 3. f4 d6 4. Nf3 c6 5. fxe5 Ng4 6. exd6 Bxd6 7. d4 O-O
8. e5 Bb4 9. Bd3 c5 10. O-O f5 11. h3 cxd4 12. Ne2 Ne3 13. Bxe3 dxe3 14. c3
Bc5 15. Qb3+ Kh8 16. Rad1 Qe8 17. Ng5 Qxe5 18. Nf7+ Rxf7 19. Qxf7 Nc6 20.
Bxf5 Bxf5 21. Qxf5 Qc7 22. Qxc5 Re8 23. Rf8+ Rxf8 24. Qxf8# { Black
checkmated } 1-0

[Event "ICC tourney 2541 (3 2)"]
[Site "Internet Chess Club"]
[Date "2021.04.30"]
[Round "5"]
[White "KALYANRAMAN, NIKHIL:nikhilkalya"]
[Black "WILLY, STEPHEN:stephenwilly"]
[Result "0-1"]
[ICCResult "White resigns"]
[WhiteElo "1890"]
[BlackElo "1460"]
[Opening "Réti: King's Indian attack"]
[ECO "A05"]
[NIC "QP.11"]
[Time "20:54:26"]
[PlyCount "90"]
[TimeControl "180+2"]

1. Nf3 Nf6 2. g3 g6 3. Bg2 Bg7 4. O-O O-O 5. c4 c5 6. Nc3 e6 7. e3 d5 8.
cxd5 exd5 9. d4 Nc6 10. dxc5 Be6 11. Nd4 Nxd4 12. exd4 b6 13. cxb6 Qxb6 14.
Re1 Rfd8 15. Na4 Qb4 16. Nc5 Bf5 17. a3 Qb6 18. b4 Rac8 19. Bg5 h6 20. Bf4
Nh5 21. Be5 Bxe5 22. Rxe5 Ng7 23. g4 Be6 24. h3 Kh7 25. Qd3 Rc7 26. Rae1 a5
27. bxa5 Qxa5 28. f4 Bc8 29. Rxd5 Rxd5 30. Bxd5 Qxe1+ 31. Kh2 Qf2+ 32. Kh1
Qxf4 33. Ne4 Rc1+ 34. Kg2 f5 35. Nf6+ Kh8 36. Qe2 fxg4 37. Nxg4 Bxg4 38.
hxg4 Qxd4 39. Bf3 Qc3 40. Qe4 Qc2+ 41. Qxc2 Rxc2+ 42. Kg3 Ra2 43. Kh4 Rxa3
44. Kg3 Ne6 45. Kf2 Nd4 { White resigns } 0-1

[Event "ICC tourney 2541 (3 2)"]
[Site "Internet Chess Club"]
[Date "2021.04.30"]
[Round "5"]
[White "CALVELO, JELVIS ARANDELA:JelvisCalvelo04"]
[Black "MARKOVIC, GORAN:Goran21"]
[Result "0-1"]
[ICCResult "White checkmated"]
[WhiteElo "2081"]
[BlackElo "1995"]
[Opening "English opening"]
[ECO "A10"]
[NIC "EO.64"]
[Time "20:54:28"]
[PlyCount "114"]
[TimeControl "180+2"]

1. c4 g6 2. Nc3 Bg7 3. b3 c6 4. Bb2 d5 5. d4 dxc4 6. e3 cxb3 7. Qxb3 Nf6 8.
Nf3 O-O 9. a4 Na6 10. Bxa6 bxa6 11. Ne5 Be6 12. Qa3 Rc8 13. O-O Nd5 14. Qc5
Qc7 15. Ne4 f6 16. Nc4 Rfd8 17. Rac1 Bf7 18. Ba3 Bf8 19. Qa5 Nb6 20. Nxb6
axb6 21. Qc3 Bd5 22. Ng3 b5 23. axb5 axb5 24. e4 Bc4 25. Bc5 e5 26. Rfd1
exd4 27. Bxd4 Qd7 28. Qf3 Qf7 29. Qxf6 Qxf6 30. Bxf6 Rxd1+ 31. Rxd1 b4 32.
Nf1 Bxf1 33. Kxf1 c5 34. Rc1 c4 35. Ke2 c3 36. Kd3 Bg7 37. Bxg7 Kxg7 38.
Kc2 Rd8 39. Kb3 Rd4 40. f3 Kf6 41. Ra1 Rd2 42. Kxb4 c2 43. Rc1 Rxg2 44. Kc3
Rxh2 45. Kd4 h5 46. f4 h4 47. Ke3 h3 48. Kf3 Rd2 49. Ke3 Rg2 50. Kf3 g5 51.
f5 Ke5 52. Rf1 g4+ 53. Ke3 h2 54. f6 Rg1 55. Rf5+ Ke6 56. f7 c1=Q+ 57. Kd4
Rd1# { White checkmated } 0-1

[Event "ICC tourney 2541 (3 2)"]
[Site "Internet Chess Club"]
[Date "2021.04.30"]
[Round "5"]
[White "SZERENCSY, IAN:iszerencsy"]
[Black "ZILBERMINTZ, LEV:chessrex"]
[Result "0-1"]
[ICCResult "White checkmated"]
[WhiteElo "1371"]
[BlackElo "1855"]
[Opening "Philidor: Philidor counter-gambit, Zukertort variation"]
[ECO "C41"]
[NIC "KP.08"]
[Time "20:54:27"]
[PlyCount "114"]
[TimeControl "180+2"]

1. e4 e5 2. Nf3 d6 3. d4 f5 4. Nc3 fxe4 5. Nxe4 d5 6. Nxe5 dxe4 7. Qh5+ g6
8. Nxg6 Nf6 9. Qe5+ Kf7 10. Nxh8+ Kg7 11. Bg5 Be7 12. O-O-O Nc6 13. Qg3
Kxh8 14. d5 Nb8 15. Qe5 Nd7 16. Qd4 Qf8 17. h4 Bc5 18. Qd2 Bd6 19. Be2 Ne5
20. Qd4 h6 21. c4 b6 22. Qc3 Bf5 23. Be3 Kh7 24. Kb1 Neg4 25. Bxg4 Nxg4 26.
Ka1 a5 27. a3 Bb4 28. Qc1 Bd6 29. Rhf1 Qg7 30. Bd4 Be5 31. Qc3 Bxd4 32.
Qxd4 Qxd4 33. Rxd4 Re8 34. f3 Ne3 35. Rf2 exf3 36. gxf3 Nc2+ 37. Rxc2 Bxc2
38. d6 cxd6 39. Rxd6 a4 40. b4 axb3 41. Kb2 Re1 42. Rxb6 Rb1+ 43. Kc3 Ra1
44. Rxb3 Bxb3 45. Kxb3 Rf1 46. a4 Rxf3+ 47. Kb4 Kg7 48. a5 Rf1 49. a6 Kf7
50. Kb5 Ke7 51. Kb6 Kd7 52. c5 Rb1+ 53. Ka7 Kc6 54. Ka8 Kxc5 55. a7 Kb6 56.
h5 Rg1 57. Kb8 Rg8# { White checkmated } 0-1

[Event "ICC tourney 2541 (3 2)"]
[Site "Internet Chess Club"]
[Date "2021.04.30"]
[Round "5"]
[White "HIBBS, ROBERT:BotanicalKnight"]
[Black "NI, BRANDON:chessbn"]
[Result "0-1"]
[ICCResult "White forfeits on time"]
[WhiteElo "1381"]
[BlackElo "1930"]
[Opening "Caro-Kann defense"]
[ECO "B10"]
[NIC "CK.01"]
[Time "20:54:34"]
[PlyCount "106"]
[TimeControl "180+2"]

1. e4 c6 2. f4 d5 3. e5 Bf5 4. d3 h5 5. g3 e6 6. Nf3 Nd7 7. Bg2 Qb6 8. Nc3
Bb4 9. a3 Be7 10. Qe2 c5 11. O-O Nh6 12. Na4 Qa6 13. Nc3 Bg4 14. h3 Bf5 15.
Bd2 Bg6 16. Rab1 Nf5 17. Kh2 h4 18. Be1 hxg3+ 19. Bxg3 Nxg3 20. Kxg3 O-O-O
21. b4 c4 22. d4 Rh6 23. a4 Rdh8 24. Rh1 Bf5 25. b5 Qa5 26. Nd1 Qxa4 27.
Ng5 Bxg5 28. fxg5 Rh4 29. Ne3 Be4 30. Bxe4 Rxe4 31. Qf3 Qa3 32. Rbe1 f6 33.
Ng4 Qxf3+ 34. Kxf3 f5 35. Rxe4 dxe4+ 36. Kg3 fxg4 37. Kxg4 g6 38. h4 Kc7
39. Rf1 Kd8 40. Rf7 Ke8 41. Rg7 e3 42. Kf3 Rxh4 43. Kxe3 Rh3+ 44. Kd2 c3+
45. Ke2 Rh2+ 46. Kd3 Rh3+ 47. Kc4 Rg3 48. Rxg6 Kf7 49. Rh6 Rxg5 50. Rh7+
Rg7 51. Rh3 Ke7 52. Rxc3 Nb6+ 53. Kb4 Nd5+ { White forfeits on time } 0-1